AoeStats
← rainaa

Nomad

503443048Analyzed
3v3 RM · 1mo ago on Aug 31, 2026· 48m 39s· 6 players
Game mode
Random Map
Map size
210×210
Population
200
Speed
Normal
Resources
Standard
Victory
Conquest
Starting age
Dark Age
Ending age
Imperial Age
RankedLock teamsTeams togetherTeam positionsShared explorationLock speedFull tech treeHidden civsTurbo modeCheats
Victory
Defeat
🇩🇪 Magyars · Germany
1362
+9
🇩🇪 Aztecs · Germany
1249
+14
🇩🇪 Lithuanians · Germany
1248
+14
🇨🇴 Goths · Colombia
1233
-14
🇸🇪 Vietnamese · Sweden
1199
-12
🇸🇪 Franks · Sweden
1195
-12
Rullator
5:08 Loom
14:01 Feudal Age
14:46 Double-Bit Axe
16:06 Gold Mining
17:18 Fletching
22:14 Castle Age
23:40 Bodkin Arrow
23:09 Crossbowman
34:51 Scale Barding Armor
35:43 Forging
37:11 Husbandry
38:21 Wheelbarrow
41:17 Hand Cart
Papa Gentil
10:19 Loom
12:49 Feudal Age
13:42 Double-Bit Axe
16:56 Gold Mining
23:55 Castle Age
25:26 Wheelbarrow
25:00 Scale Mail Armor
25:42 Squires
26:13 Chain Mail Armor
26:30 Bow Saw
26:27 Horse Collar
27:20 Medium Warships
28:56 Forging
35:03 Hand Cart
38:11 Imperial Age
37:29 Fletching
37:40 Padded Archer Armor
38:16 Iron Casting
39:19 Elite Skirmisher
40:06 Bodkin Arrow
40:27 Leather Archer Armor
41:05 Bracer
40:30 Imperial Skirmisher
43:00 Ring Archer Armor
46:21 Ballistics
Jota
3:17 Loom
15:06 Feudal Age
24:44 Castle Age
22:53 Double-Bit Axe
22:49 Horse Collar
29:30 Anarchy
32:18 Scale Mail Armor
35:03 Bow Saw
36:01 Wheelbarrow
41:36 Imperial Age
40:10 Chain Mail Armor
40:06 Forging
39:55 Gold Mining
43:10 Iron Casting
42:43 Squires
43:00 Man-at-Arms
43:35 Long Swordsman
44:52 Two-Handed Swordsman
Friedl
5:09 Loom
16:05 Feudal Age
19:57 Castle Age
18:11 Scale Mail Armor
18:05 Double-Bit Axe
18:31 Gold Mining
20:01 Eagle Warrior
24:34 Bow Saw
24:07 Horse Collar
24:58 Squires
25:10 Arson
26:46 Wheelbarrow
26:25 Heavy Plow
26:53 Chain Mail Armor
29:37 Forging
32:05 Iron Casting
33:52 Gold Shaft Mining
38:15 Imperial Age
39:16 Garland Wars
39:30 Plate Mail Armor
38:22 Elite Eagle Warrior
40:08 Blast Furnace
41:01 Conscription
41:39 Town Watch
45:41 Elite Jaguar Warrior
rainaa
4:07 Loom
9:18 Loom
13:31 Feudal Age
15:04 Double-Bit Axe
16:03 Fishing Lines
19:21 Bloodlines
21:43 Castle Age
22:57 Wheelbarrow
23:34 Scale Barding Armor
23:46 Gillnets
24:58 Bow Saw
26:43 Light Cavalry
28:12 Hand Cart
30:53 Horse Collar
32:15 Chain Barding Armor
33:02 Heavy Plow
36:02 Hand Cart
35:52 Town Watch
39:14 Town Patrol
50:10 Imperial Age
48:15 Husbandry
48:31 Forging
Donatello
6:31 Loom
11:57 Feudal Age
13:21 Double-Bit Axe
20:55 Castle Age
19:40 Fletching
19:42 Gold Mining
21:58 Bodkin Arrow
22:57 Bloodlines
23:02 Padded Archer Armor
23:07 Horse Collar
23:57 Bow Saw
27:48 Wheelbarrow
30:16 Ballistics
31:41 Heavy Plow
33:39 Leather Archer Armor
34:45 Hand Cart
41:14 Imperial Age
39:05 Stone Mining
41:17 Heavy Cavalry Archer
42:23 Parthian Tactics
43:11 Chemistry
42:25 Bracer
44:53 Conscription
44:57 Recurve Bow
44:50 Light Cavalry
45:30 Husbandry
46:16 Ring Archer Armor
45:52 Scale Barding Armor
46:10 Corvinian Army
47:10 Masonry
46:36 Elite Magyar Huszar
Connection lost

Rejoining the realm…

Still unreachable

The connection could not be restored.

Session expired

The server has moved on; the page needs a fresh start.